 Dungeon Crawl Stone Soup version 0.28-a0-1080-g05a166d0ed (webtiles) character file.

Game seed: 9958411914987569227

35 ytrimaz the Insei (level 3, 0/23 HPs)
             Began as an Octopode Transmuter on Dec 9, 2021.
             Slain by a jackal (2 damage)
             ... on level 3 of the Dungeon.
             The game lasted 00:01:44 (1643 turns).

ytrimaz the Insei (Octopode Transmuter)             Turns: 1643, Time: 00:01:45

Health: 0/23       AC:  1    Str:  9    XL:     3   Next: 33%
Magic:  6/6        EV: 13    Int: 17    God:
Gold:   1          SH:  0    Dex: 12    Spells: 2/6 levels left

rFire   . . .      SeeInvis .     - Unarmed
rCold   . . .      Faith    .   (no shield)
rNeg    . . .      Spirit   .   (helmet restricted)
rPois   .          Reflect  .   (no amulet)
rElec   .          Harm     .   (no ring)
rCorr   .          Rampage  .   (no ring)
Will    .....                   (no ring)
Stlth   ++........              (no ring)
HPRegen 0.07/turn               (no ring)
MPRegen 0.10/turn               (no ring)
                                (no ring)
                                (no ring)

@: flying
A: almost no armour, amphibious, 8 rings, camouflage 1, gelatinous body 1,
(nimble swimmer 1), tentacles
a: no special abilities


You were on level 3 of the Dungeon.
You visited 1 branch of the dungeon, and saw 3 of its levels.

You collected 23 gold pieces.
You spent 22 gold pieces at shops.

Inventory:

Wands
 d - a wand of paralysis (9)
Scrolls
 b - a scroll of noise


   Skills:
 * Level 1.5 Fighting
 - Level 2.0 Dodging
 + Level 3.6 Unarmed Combat
 * Level 2.3 Spellcasting
 * Level 2.3 Transmutations


You had 2 spell levels left.
You knew the following spells:

 Your Spells              Type           Power      Damage    Failure   Level
a - Beastly Appendage     Tmut           18%        N/A       8%          1
b - Spider Form           Tmut/Pois      5%         N/A       34%         3

Your spell library contained the following spells:

 Spells                   Type           Power      Damage    Failure   Level
 Wereblood                Tmut           9%         N/A       11%         2
 Passwall                 Tmut/Erth      4%         N/A       17%         2
 Sandblast                Erth           2%         2d4       19%         1
 Stone Arrow              Conj/Erth      2%         3d7       50%         3
 Ice Form                 Ice/Tmut       5%         N/A       75%         4


Dungeon Overview and Level Annotations

Branches:
Dungeon (3/15)

Altars:

Shops:
D:1 *


Innate Abilities, Weirdness & Mutations

You cannot wear most types of armour.
You are amphibious.
You can wear up to eight rings at the same time.
Your skin changes colour to match your surroundings (Stealth+).
Your rubbery body absorbs attacks. (AC +1, EV +1)
((You are camouflaged near water. (Stealth+)))
You have tentacles for arms and can constrict up to eight enemies at once.


Message History

The jackal barely misses you.
You tentacle-slap the jackal.
The jackal is almost dead.
You constrict the jackal.
You kill the jackal!
The jackal misses you. The jackal closely misses you. The jackal bites you.
You tentacle-slap the jackal. Your grab misses the jackal.
The jackal is severely wounded.
The jackal bites you.
The jackal pauses to sniff the ground.
The jackal bites you. The jackal closely misses you. The jackal misses you.
You are too injured to fight recklessly!
You are too injured to fight recklessly!
You are too injured to fight recklessly!
You are too injured to fight recklessly!
You are too injured to fight recklessly!
You are too injured to fight recklessly!
You are too injured to fight recklessly!
You are too injured to fight recklessly!
You are too injured to fight recklessly!
You are too injured to fight recklessly!
Unknown command.
The jackal barely misses you. The jackal misses you. The jackal bites you.
The jackal bites you but does no damage.
The jackal bites you.
* * * LOW HITPOINT WARNING * * *
The jackal closely misses you.
You barely miss the jackal. You grab the jackal.
The jackal is severely wounded.
You constrict the jackal, but do no damage.
The jackal bites you.
* * * LOW HITPOINT WARNING * * *
The jackal bites you.
* * * LOW HITPOINT WARNING * * *
It was a potion of flight.
You feel very buoyant.
You fly up into the air.
You constrict the jackal.
You kill the jackal!
The jackal bites you.
You die...

#.....##......#.#^_.<.#.#.#
##.. ..##....##..#.....#.#.#
... #)##..?.....#######.#.#
#.##.##................#.#
#........................#
#.......................##
#.......####.###........#
##.....$.####.# #........#
.?.$.........hh@.###...†....#
..####.#.##.#######.........#
##.........####.......###
#.................###.#
........†........## #.#
.....>............####.####
............#.............#
...........#.............###
#..........#####............


You could see 2 jackals.

Vanquished Creatures
  6 ball pythons
  2 endoplasms (D:2)
  A giant cockroach (D:3)
  3 hobgoblins
  2 jackals (D:3)
  2 kobolds (D:2)
  2 quokkas
  4 bats
  4 frilled lizards
  3 goblins
  4 rats (D:2)
33 creatures vanquished.

Notes
Turn   | Place    | Note
-------+----------+-------------------------------------------
     0 | D:1      | ytrimaz the Octopode Transmuter began the quest for the
                  | Orb.
     0 | D:1      | Reached XP level 1. HP: 13/13 MP: 3/3
   258 | D:1      | Found Inutt's Assorted Antiques.
   263 | D:1      | Bought a scroll labelled QAGOST YBORA for 22 gold pieces
   570 | D:2      | Reached XP level 2. HP: 14/18 MP: 5/5
  1353 | D:2      | Reached XP level 3. HP: 22/23 MP: 6/6
  1357 | D:2      | Learned a level 3 spell: Spider Form
  1404 | D:2      | You fall into a shaft and drop 1 floor!
  1455 | D:3      | Found a faded altar of an unknown god.
  1643 | D:3      | Slain by a jackal

Illustrated notes

Levels and vault maps discovered:
D:1:      minmay_arrival_doors, layout_rooms, serial_shops,
          nicolae_shop_competitors_out_of_business
D:2:      layout_loops_ring
D:3:      layout_basic, nicolae_ecumenical_oubliette, hangedman_decor_riveting

Action                   || total
-------------------------++-------
Melee: Unarmed           ||    83
       Constrict         ||    17
       Tentacles         ||     8
       Punch             ||     1
 Cast: Beastly Appendage ||     1
  Use: Potion            ||     6
       Scroll            ||     7
 Stab: Sleeping          ||    11
       Distracted        ||     1
Armor: Skin              ||     6
Dodge: Dodged            ||    71

Table legend: (Time is in decaauts)
 A = Elapsed time spent in this place.
 B = Non-inter-level travel time spent in this place.
 C = Inter-level travel time spent in this place.
 D = Time resting spent in this place.
 E = Time spent auto-exploring this place.
 F = Levels seen in this place.
 G = Mean time per level.
                   A        B        C        D        E       F      G
               +--------+--------+--------+--------+--------+-----+--------+
         Total |   1637 |   1627 |     10 |      8 |   1334 |   3 |  545.7 |
       Dungeon |   1637 |   1627 |     10 |      8 |   1334 |   3 |  545.7 |
               +--------+--------+--------+--------+--------+-----+--------+

Top non-repeatable levels by time:
     D:2: 927 daAuts
     D:1: 473 daAuts
     D:3: 236 daAuts
